[Event "Titled Tuesday Blitz February 28 Early 2023"]
[White "Mazurkiewicz, Michal"]
[Black "Melikhov, Evgeny V."]
[WhiteFideId "1124943"]
[BlackFideId "4122046"]
[WhiteElo "2054"]
[BlackElo "2158"]
[Result "1-0"]
[Round "09"]
[TimeControl "180+2"]
[Date "2023.02.28"]
[WhiteClock "0:01:35"]
[BlackClock "0:01:07"]

1. e4 e5 2. Nf3 Nc6 3. d3 d5 4. exd5 Qxd5 5. Nc3 Qd7 6. g3 Bd6 7. Bg2 Nf6 8. O-O Qe7 9. Re1 Be6 10. Ng5 Bd7 11. f4 O-O-O 12. Nf3 Ng4 13. d4 Be6 14. fxe5 Ncxe5 15. h3 Nxf3+ 16. Qxf3 Nf6 17. Qxb7+ Kd7 18. Bc6# 1-0


[Site "https://www.chess.com"]

[Event "Titled Tuesday Blitz February 28 Early 2023"]
[White "Buscar, Michael"]
[Black "Sernecki, Franciszek"]
[WhiteFideId "2603616"]
[BlackFideId "1169297"]
[WhiteElo "2010"]
[BlackElo "2210"]
[Result "1-0"]
[Round "09"]
[TimeControl "180+2"]
[Date "2023.02.28"]
[WhiteClock "0:02:11"]
[BlackClock "0:02:30"]

1. d4 Nf6 2. Nf3 c5 3. e3 cxd4 4. exd4 d5 5. c3 Bg4 6. Be2 Nc6 7. O-O e6 8. Nbd2 Bd6 9. Re1 O-O 10. Nf1 Ne4 11. Ne3 Bh5 12. g3 Qc7 13. Ng2 f5 14. Bf4 g5 15. Nxg5 Bxe2 16. Qxe2 Bxf4 17. Nxe6 Qd6 18. Nexf4 1-0


[Site "https://www.chess.com"]

[Event "Titled Tuesday Blitz February 28 Early 2023"]
[White "Chernomordik, Pavel"]
[Black "Lauridsen, Jesper Morch"]
[WhiteFideId "2804530"]
[BlackFideId "1401890"]
[WhiteElo "2193"]
[BlackElo "2271"]
[Result "0-1"]
[Round "09"]
[TimeControl "180+2"]
[Date "2023.02.28"]
[WhiteClock "0:00:01"]
[BlackClock "0:00:04"]

1. e4 c5 2. Nc3 e6 3. f4 d5 4. Nf3 dxe4 5. Bb5+ Bd7 6. Bxd7+ Nxd7 7. Nxe4 Ngf6 8. Qe2 Qc7 9. f5 Nxe4 10. Qxe4 O-O-O 11. fxe6 Re8 12. O-O Rxe6 13. Qf5 Bd6 14. d3 Kb8 15. Bg5 Re2 16. Qxf7 Rf8 17. Qxg7 h6 18. Bxh6 Qc8 19. Ng5 Rg8 20. Qf7 Ne5 21. Qd5 Rg6 22. Qxd6+ Rxd6 23. Rf8 Rd8 24. Rxd8 Qxd8 25. Ne4 Qd4+ 26. Kh1 Rxe4 27. dxe4 Ng4 28. Bf4+ Kc8 29. Bg3 Qxe4 30. Re1 Qxc2 31. h3 Nf2+ 32. Kh2 Nd3 33. Re8+ Kd7 34. Rg8 Nb4 35. Rg7+ Kc6 36. a3 Nd3 37. b4 b6 38. Rxa7 cxb4 39. Rc7+ Kb5 40. Rxc2 b3 41. Rd2 b2 0-1


[Site "https://www.chess.com"]

[Event "Titled Tuesday Blitz February 28 Early 2023"]
[White "Shuvalov, Evgenij"]
[Black "Chemin, Justo Reinaldo"]
[WhiteFideId "4187237"]
[BlackFideId "2101580"]
[WhiteElo "2080"]
[BlackElo "1940"]
[Result "1-0"]
[Round "09"]
[TimeControl "180+2"]
[Date "2023.02.28"]
[WhiteClock "0:00:16"]
[BlackClock "0:00:01"]

1. d4 d5 2. c4 e6 3. Nc3 c6 4. cxd5 exd5 5. Nf3 Bd6 6. Bg5 Qb6 7. Qd2 Bf5 8. e3 Nd7 9. Nh4 Be6 10. Nf3 h6 11. Bh4 Ngf6 12. Bd3 Bg4 13. Bg3 Bxg3 14. hxg3 Bxf3 15. gxf3 O-O-O 16. Rb1 Rde8 17. Kf1 Kb8 18. b4 Qc7 19. Kg2 h5 20. Na4 h4 21. Rxh4 Rxh4 22. gxh4 Rh8 23. Rh1 Qd8 24. e4 dxe4 25. fxe4 Qe7 26. Qf4+ Ka8 27. Nc5 Nxc5 28. bxc5 Nh5 29. Qd6 Qxd6 30. cxd6 Nf4+ 31. Kf3 Nxd3 32. e5 Kb8 33. Ke3 Nb4 34. f4 Kc8 35. f5 Nd5+ 36. Kf3 Kd7 37. Rg1 Rxh4 38. Rxg7 Rf4+ 39. Kg3 Rxf5 40. Kg4 Rf4+ 41. Kg5 Rf2 42. Rh7 c5 43. dxc5 Ke6 44. Rh6+ Kxe5 45. d7 Rg2+ 46. Kh4 Rg8 47. Rd6 Rd8 48. Kg5 f6+ 49. Kg6 f5 50. Kf7 f4 51. Re6+ Kf5 52. Rd6 f3 53. Rxd5+ Ke4 54. Rd1 f2 55. Ke7 Rh8 56. d8=Q Rxd8 57. Kxd8 b6 58. c6 1-0


[Site "https://www.chess.com"]

[Event "Titled Tuesday Blitz February 28 Early 2023"]
[White "Gutkin, Ilya"]
[Black "Schroeder, Jan-Christian"]
[WhiteFideId "16203470"]
[BlackFideId "24662259"]
[WhiteElo "2265"]
[BlackElo "2556"]
[Result "0-1"]
[Round "09"]
[TimeControl "180+2"]
[Date "2023.02.28"]
[WhiteClock "0:00:01"]
[BlackClock "0:00:33"]

1. Nf3 Nc6 2. e4 d6 3. d4 Nf6 4. d5 Ne5 5. Nxe5 dxe5 6. Nc3 g6 7. Bb5+ Bd7 8. Qe2 Bg7 9. O-O O-O 10. Bxd7 Qxd7 11. Bg5 Ne8 12. Qb5 c6 13. dxc6 bxc6 14. Qa5 Nd6 15. Rfd1 h6 16. Be3 Qe6 17. b3 f5 18. f3 h5 19. Qa6 Rfc8 20. Bc5 f4 21. Rab1 g5 22. Bxd6 exd6 23. Qc4 Qxc4 24. bxc4 Bf8 25. Rb7 Rcb8 26. Rdb1 Rxb7 27. Rxb7 a5 28. Na4 g4 29. h3 g3 30. Kf1 d5 31. cxd5 cxd5 32. Nb6 Rd8 33. exd5 Bc5 34. c4 Bd4 35. Ke2 Re8 36. Kd3 e4+ 37. Kxd4 e3 38. Na4 e2 39. Rb1 e1=Q 40. Rxe1 Rxe1 41. Nc3 Kf7 42. c5 Ke7 43. c6 Rg1 44. Ne4 Rxg2 45. d6+ Ke6 46. d7 Ke7 47. Ke5 Rc2 0-1


[Site "https://www.chess.com"]

[Event "Titled Tuesday Blitz February 28 Early 2023"]
[White "Fan_Of_Chucky"]
[Black "Gritsenko, Nikolai"]
[BlackFideId "14112493"]
[WhiteElo "2396"]
[BlackElo "2389"]
[Result "0-1"]
[Round "09"]
[TimeControl "180+2"]
[Date "2023.02.28"]
[WhiteClock "0:01:48"]
[BlackClock "0:00:26"]

1. d4 d5 2. c4 e6 3. Nf3 c6 4. g3 f5 5. Bg2 Nf6 6. O-O Bd6 7. Nc3 O-O 8. Qc2 b6 9. cxd5 exd5 10. Ne5 Qc7 11. Bf4 Nbd7 12. Nb5 cxb5 13. Qxc7 Bxc7 14. Nxd7 Bxd7 15. Bxc7 Rac8 16. Rac1 Ne4 17. Bf4 b4 18. f3 Nf6 19. Bd6 Rfe8 20. Kf2 Bb5 21. Be5 Kf7 22. Ke1 Rxc1+ 23. Kf2 Rxf1+ 0-1


[Site "https://www.chess.com"]

[Event "Titled Tuesday Blitz February 28 Early 2023"]
[White "Coelho, Ramyres Santana"]
[Black "Peng, Li Min"]
[WhiteFideId "2120690"]
[BlackFideId "14112620"]
[WhiteElo "1888"]
[BlackElo "2436"]
[Result "0-1"]
[Round "09"]
[TimeControl "180+2"]
[Date "2023.02.28"]
[WhiteClock "0:01:37"]
[BlackClock "0:01:55"]

1. e4 Nc6 2. d4 d5 3. e5 f6 4. exf6 Nxf6 5. Nf3 Bg4 6. c3 e5 7. dxe5 Nxe5 8. Be2 Bxf3 9. Bxf3 Nxf3+ 10. Qxf3 Bd6 11. O-O O-O 12. Bg5 Qd7 13. Bxf6 c6 14. Qd3 Rxf6 15. Nd2 Raf8 16. g3 Bc5 17. Qe2 Rxf2 18. Rxf2 Rxf2 19. Qxf2 Bxf2+ 20. Kxf2 Qf5+ 21. Ke2 Qh5+ 22. Nf3 Qe8+ 23. Kf2 Qd8 24. Re1 Qb6+ 25. Kf1 Qxb2 26. Ng5 g6 27. Re8+ Kg7 28. Re7+ Kf6 29. Re2 Qc1+ 30. Re1 Qxg5 0-1


[Site "https://www.chess.com"]

[Event "Titled Tuesday Blitz February 28 Early 2023"]
[White "Mirzanurov, Bulat"]
[Black "Shuvalova, Polina"]
[WhiteFideId "4184521"]
[BlackFideId "24171760"]
[WhiteElo "2019"]
[BlackElo "2330"]
[Result "0-1"]
[Round "09"]
[TimeControl "180+2"]
[Date "2023.02.28"]
[WhiteClock "0:00:04"]
[BlackClock "0:00:04"]

1. e4 c6 2. d4 d5 3. e5 Bf5 4. h4 h5 5. Bd3 Bxd3 6. Qxd3 Qa5+ 7. b4 Qa6 8. Qd1 e6 9. c3 Nd7 10. Nf3 Nh6 11. a4 Nf5 12. a5 Be7 13. Bg5 Bxg5 14. Nxg5 Qc4 15. Qe2 Qxe2+ 16. Kxe2 Ke7 17. Nd2 f6 18. exf6+ gxf6 19. Nh3 Rag8 20. g3 e5 21. Nf3 Kd6 22. Rhe1 Rg4 23. dxe5+ fxe5 24. Kd2 e4 25. Nd4 e3+ 26. fxe3 Nxg3 27. Ng5 Ne5 28. Rg1 Rf8 29. Kc2 Rf2+ 30. Kb3 Nc4 31. e4 Nxe4 32. Rxg4 Ned2+ 33. Ka4 hxg4 34. h5 Rh2 35. h6 Ne4 36. Nde6 Nxc3+ 37. Kb3 Ne4 38. Ra2 g3 39. h7 Rh5 40. Rg2 Ncd2+ 41. Kc2 Nxg5 42. Nxg5 Ne4 43. Nf7+ Ke7 44. h8=Q Rxh8 45. Nxh8 Kf6 46. Kd3 Kg7 47. Rb2 a6 48. Ke3 Kxh8 49. Kf3 Kg7 50. Kg2 Kf6 51. Rc2 Ke5 52. Re2 Kd4 53. Re1 Kc3 54. Rb1 d4 55. Kf3 Nd2+ 0-1


[Site "https://www.chess.com"]

[Event "Titled Tuesday Blitz February 28 Early 2023"]
[White "Tologon tegin, Semetei"]
[Black "Hoffmann, Asa"]
[WhiteFideId "13800574"]
[BlackFideId "2001470"]
[WhiteElo "2247"]
[BlackElo "2117"]
[Result "1/2-1/2"]
[Round "09"]
[TimeControl "180+2"]
[Date "2023.02.28"]
[WhiteClock "0:00:08"]
[BlackClock "0:00:07"]

1. d4 Nf6 2. c4 c5 3. d5 e5 4. Nc3 d6 5. e4 Be7 6. h3 Nbd7 7. Nf3 Nf8 8. g3 Ng6 9. Bg2 O-O 10. O-O a6 11. a3 b5 12. cxb5 axb5 13. Nxb5 Ba6 14. Nc3 Bxf1 15. Bxf1 Nd7 16. Bd3 Qa5 17. Nd2 Nb6 18. h4 Rfb8 19. Nc4 Nxc4 20. Bxc4 Nf8 21. Qc2 Nd7 22. Bd2 Qd8 23. Bb5 Nb6 24. Bc6 Ra7 25. Nb5 Ra6 26. a4 g6 27. a5 Nc8 28. Qc4 Na7 29. Nxa7 Rxa7 30. b4 cxb4 31. Bxb4 Qc8 32. Bd2 Qg4 33. Be3 Rc7 34. Kh2 f5 35. Bb6 Rcc8 36. Ra3 f4 37. Qd3 Bd8 38. Bxd8 Rxd8 39. a6 fxg3+ 40. Qxg3 Qxe4 41. a7 Ra8 42. Bxa8 Rxa8 43. h5 Kg7 44. Qb3 Qf4+ 45. Kg1 Qc1+ 46. Kg2 Qc7 47. Qa4 gxh5 48. Qc6 Qf7 49. Qxa8 Qg6+ 50. Kh2 Qf5 51. Rg3+ Kh6 52. Qc6 Qxf2+ 53. Kh3 Qf1+ 54. Rg2 Qf3+ 55. Kh2 Qf4+ 56. Kh1 Qf1+ 57. Kh2 Qf4+ 58. Kg1 Qe3+ 59. Rf2 Qg3+ 60. Kf1 Qd3+ 61. Kg2 Qe4+ 62. Kg1 Qg4+ 63. Kf1 Qd1+ 64. Kg2 Qg4+ 65. Kh2 Qh4+ 66. Kg1 Qg3+ 67. Rg2 Qe3+ 68. Kh1 Qh3+ 69. Kg1 Qe3+ 1/2-1/2


[Site "https://www.chess.com"]

[Event "Titled Tuesday Blitz February 28 Early 2023"]
[White "Khamdamova, Afruza"]
[Black "Valle Maytin, Luis Enrique"]
[WhiteFideId "14210444"]
[BlackFideId "3503666"]
[WhiteElo "2210"]
[BlackElo "2225"]
[Result "1-0"]
[Round "09"]
[TimeControl "180+2"]
[Date "2023.02.28"]
[WhiteClock "0:00:51"]
[BlackClock "0:00:05"]

1. e4 c6 2. d4 d5 3. Nc3 dxe4 4. Nxe4 Nf6 5. Nxf6+ exf6 6. c3 Bd6 7. Bd3 O-O 8. Qc2 Re8+ 9. Ne2 h5 10. Be3 Nd7 11. O-O-O Nf8 12. h3 b5 13. d5 Qc7 14. dxc6 Qxc6 15. Nd4 Qb7 16. Bxb5 Bd7 17. Bxd7 Nxd7 18. g4 h4 19. g5 Be5 20. Rhg1 f5 21. g6 fxg6 22. Rxg6 f4 23. Bd2 Nf8 24. Rg4 Bxd4 25. cxd4 Rac8 26. Bc3 Qf3 27. Qb3+ Kh7 28. Rxh4+ Kg6 29. Rg1+ Kf5 30. Qb5+ Kf6 31. Qg5+ Ke6 32. d5+ Kd6 33. Qxf4+ Qxf4+ 34. Rxf4 Kxd5 35. Rxg7 Ne6 36. Rf5+ Ke4 37. Re5+ Kf4 38. Rf7# 1-0


[Site "https://www.chess.com"]

[Event "Titled Tuesday Blitz February 28 Early 2023"]
[White "Matveeva, Olga"]
[Black "Nguyen Hong Nhung"]
[WhiteFideId "24107018"]
[BlackFideId "12412201"]
[WhiteElo "2056"]
[BlackElo "1904"]
[Result "0-1"]
[Round "09"]
[TimeControl "180+2"]
[Date "2023.02.28"]
[WhiteClock "0:00:12"]
[BlackClock "0:00:14"]

1. d4 Nf6 2. c4 c5 3. d5 b5 4. cxb5 a6 5. bxa6 g6 6. Nc3 Bg7 7. g3 O-O 8. Bg2 d6 9. Nf3 Nxa6 10. O-O Nb4 11. Re1 Bb7 12. e4 c4 13. Bf1 Qc7 14. Nd4 Rfc8 15. Be3 Ba6 16. Rc1 Qd7 17. a3 Nd3 18. Bxd3 cxd3 19. Nc6 Ng4 20. Bd4 Bxd4 21. Nxd4 Ne5 22. Kg2 Rab8 23. b4 Nc4 24. Qxd3 Qa7 25. Qf3 Qxd4 26. Ne2 Qa7 27. Nf4 Ne5 28. Qb3 Bc4 29. Qb2 Nd3 30. Nxd3 Bxd3 31. h4 Qa6 32. h5 gxh5 33. Rxc8+ Rxc8 34. Rh1 Qc4 35. f3 Qc2+ 36. Qxc2 Rxc2+ 37. Kh3 Ra2 38. Kh4 Rxa3 39. Kxh5 Be2 40. Kg4 Bxf3+ 0-1


[Site "https://www.chess.com"]

[Event "Titled Tuesday Blitz February 28 Early 2023"]
[White "Skaric, Djuro"]
[Black "Novikov, Evgenij"]
[WhiteFideId "934569"]
[BlackFideId "4125380"]
[WhiteElo "2282"]
[BlackElo "2242"]
[Result "1-0"]
[Round "09"]
[TimeControl "180+2"]
[Date "2023.02.28"]
[WhiteClock "0:00:25"]
[BlackClock "0:00:03"]

1. g3 h5 2. d4 h4 3. gxh4 e5 4. dxe5 Nc6 5. Nf3 Bc5 6. Nc3 Nh6 7. Bg5 Ng4 8. Bxd8 Bxf2+ 9. Kd2 Be3+ 10. Kd3 d5 11. Nxd5 Bf5+ 12. Kc3 Rxd8 13. Nxc7+ Ke7 14. Nd5+ Rxd5 15. Qxd5 Rc8 16. Qd6+ Ke8 17. Kb3 Na5+ 18. Ka4 Nc4 19. Bh3 Nxd6 20. exd6 Bd7+ 21. Ka3 Rxc2 22. Bxg4 Bxg4 23. Rhd1 Rxe2 24. d7+ Kd8 25. Ne5 Be6 26. Nd3 Bd4 27. Rac1 Kxd7 28. Nc5+ Ke7 29. Rxd4 b6 30. Nxe6 fxe6 31. Rc7+ Kf6 32. Rxa7 Rxh2 33. Ra6 e5 34. Rxb6+ Kf5 35. Rd7 Rxh4 36. Rxg7 e4 37. Re7 Rf4 38. Rbe6 Rf3+ 39. Kb4 Rf2 40. b3 Rxa2 41. Rxe4 Ra6 42. R7e5+ Kf6 43. Kb5 Ra8 44. b4 Rb8+ 45. Kc4 Rc8+ 46. Kb3 Rb8 47. b5 Kf7 48. Kb4 Kf6 49. Rc5 Kf7 50. Rh4 Kg7 51. Rc6 Kf7 52. Kc5 Ke7 53. Ra4 Rd8 54. Ra7+ Ke8 55. Rh6 Rc8+ 56. Kb4 Rc4+ 57. Kxc4 Kf8 58. Rh8# 1-0


[Site "https://www.chess.com"]

[Event "Titled Tuesday Blitz February 28 Early 2023"]
[White "Delgado Rosas, Fatima Alexandra"]
[Black "Ramirez Allo, Eduardo"]
[WhiteFideId "6603963"]
[BlackFideId "2224178"]
[WhiteElo "2326"]
[BlackElo "2451"]
[Result "1-0"]
[Round "09"]
[TimeControl "180+2"]
[Date "2023.02.28"]
[WhiteClock "0:00:11"]
[BlackClock "0:00:06"]

1. d4 Nf6 2. c4 c5 3. e3 g6 4. Nc3 Bg7 5. Nf3 O-O 6. Be2 cxd4 7. exd4 d5 8. O-O Nc6 9. h3 b6 10. b3 Bb7 11. Bb2 Rc8 12. Rc1 e6 13. Ne5 dxc4 14. Nxc6 Bxc6 15. Bxc4 Nd5 16. Nxd5 Bxd5 17. Qd3 Qd7 18. Ba6 Bb7 19. Bb5 Qd5 20. f3 Rfd8 21. Rxc8 Rxc8 22. Bc4 Qa5 23. Bc3 Qg5 24. Rd1 Bd5 25. Bd2 Qh5 26. Be3 Bf6 27. a4 Kg7 28. Rc1 Bxc4 29. Rxc4 Rd8 30. Bf2 Qd5 31. Qe4 Qa5 32. Rc7 Kg8 33. Qb7 Rf8 34. Qxa7 Qd2 35. Qxb6 Bg5 36. d5 exd5 37. Qc5 Rd8 38. Qc2 Qf4 39. Rc8 Rxc8 40. Qxc8+ Kg7 41. Qc3+ Bf6 42. Qe3 Qb4 43. Qd3 d4 44. Kh2 h6 45. g3 Qc3 46. Qxc3 dxc3 47. Be3 Be5 48. Kg2 Bd6 49. Bc1 Kf6 50. Kf2 Ke5 51. Ke3 Kd5 52. f4 Kc5 53. Kd3 Kb4 54. g4 g5 55. f5 Kxb3 56. a5 Bc5 57. a6 Ba7 58. h4 c2 59. hxg5 hxg5 60. Bxg5 Bc5 61. f6 Kb2 62. Bf4 Bd6 63. Be3 Bc5 64. Bd2 c1=Q 65. Bxc1+ Kxc1 66. Kc4 Ba7 67. g5 Kd2 68. g6 Ke3 69. gxf7 1-0


[Site "https://www.chess.com"]

[Event "Titled Tuesday Blitz February 28 Early 2023"]
[White "Cabezas Solano, David Alejandro"]
[Black "Wilson, Elvin"]
[WhiteFideId "6507522"]
[BlackFideId "2014874"]
[WhiteElo "2030"]
[BlackElo "2311"]
[Result "1-0"]
[Round "09"]
[TimeControl "180+2"]
[Date "2023.02.28"]
[WhiteClock "0:00:07"]
[BlackClock "0:00:01"]

1. e4 e6 2. Qe2 c5 3. Nf3 Be7 4. b3 Nf6 5. Bb2 O-O 6. g3 d5 7. d3 Nc6 8. Bg2 d4 9. e5 Nd5 10. O-O b6 11. c4 dxc3 12. Nxc3 Bb7 13. Rad1 Ndb4 14. Ne4 Ba6 15. Ne1 Nd4 16. Qg4 Nxa2 17. Ra1 Nb4 18. Nd2 Rb8 19. Bc3 Bxd3 20. Nxd3 Nxd3 21. Rxa7 Nxe5 22. Qe4 Nec6 23. Raa1 Bf6 24. Rfd1 Qc7 25. Rac1 Qd7 26. Nf3 Rfd8 27. Nxd4 Nxd4 28. b4 Rbc8 29. Be1 cxb4 30. Rxc8 Rxc8 31. Bxb4 e5 32. h4 h6 33. Kh2 Rc4 34. Bd2 b5 35. Be3 Qe6 36. Qa8+ Kh7 37. Bd5 Qc8 38. Qa7 Rc7 39. Qb6 g6 40. Qxf6 Ne6 41. Be4 h5 42. Rb1 b4 43. Rxb4 Nf4 44. gxf4 1-0


[Site "https://www.chess.com"]

[Event "Titled Tuesday Blitz February 28 Early 2023"]
[White "Sliwicki, Damian"]
[Black "Sargissyan, Sargis"]
[WhiteFideId "1127128"]
[BlackFideId "13303210"]
[WhiteElo "1988"]
[BlackElo "2109"]
[Result "1-0"]
[Round "09"]
[TimeControl "180+2"]
[Date "2023.02.28"]
[WhiteClock "0:00:18"]
[BlackClock "0:00:01"]

1. e4 c5 2. Nf3 d6 3. d4 cxd4 4. Qxd4 Nc6 5. Bb5 Bd7 6. Bxc6 Bxc6 7. Nc3 e5 8. Qd3 h6 9. Be3 Nf6 10. O-O-O Be7 11. Kb1 O-O 12. g4 Nxg4 13. Rhg1 Nxe3 14. Qxe3 Kh7 15. Nxe5 Bf6 16. Ng4 Qe7 17. Rd5 Bxc3 18. Rh5 Qe6 19. Qxc3 Rg8 20. b3 Bxe4 21. Qh3 Bf5 22. Nf6+ Qxf6 23. Rxf5 Qe6 24. Qd3 Kh8 25. Rg3 Rac8 26. Re3 Qg6 27. Kb2 1-0


[Site "https://www.chess.com"]

[Event "Titled Tuesday Blitz February 28 Early 2023"]
[White "Rosenberg, Evan S"]
[Black "Levitan, Caleb Levi"]
[WhiteFideId "2019299"]
[BlackFideId "14332620"]
[WhiteElo "2436"]
[BlackElo "1963"]
[Result "1-0"]
[Round "09"]
[TimeControl "180+2"]
[Date "2023.02.28"]
[WhiteClock "0:00:13"]
[BlackClock "0:00:04"]

1. d4 Nf6 2. Nf3 d5 3. c3 e6 4. Bg5 Be7 5. Nbd2 O-O 6. Qc2 h6 7. Bh4 c5 8. e3 Nc6 9. Bd3 b6 10. O-O Bb7 11. Rad1 Rc8 12. Qb1 Nh5 13. Bxe7 Qxe7 14. Rfe1 f5 15. Nf1 Nf6 16. Ng3 Ne4 17. Nd2 Nd8 18. Ndf1 Nf7 19. f3 Nf6 20. b4 cxb4 21. cxb4 Nd6 22. a4 Nc4 23. Qb3 Nd7 24. Nd2 Ba6 25. b5 Nxd2 26. Rxd2 Bb7 27. e4 fxe4 28. fxe4 dxe4 29. Bxe4 Bxe4 30. Rxe4 Rc1+ 31. Rd1 Rxd1+ 32. Qxd1 Nf6 33. Re1 Nd5 34. Qe2 Rf6 35. Ne4 Rf8 36. g3 Qf7 37. Nd6 Qh5 38. Qxh5 Kh8 39. Rxe6 Nc3 40. Nf7+ Kg8 41. Nxh6+ gxh6 42. Qg6+ Kh8 43. Qxh6+ Kg8 44. Qg6+ Kh8 45. Re7 Ne2+ 46. Rxe2 Rc8 47. Qh6+ Kg8 48. Qe6+ Kh7 49. Qxc8 a5 50. Qc6 Kg7 51. Re7+ Kf8 52. Qe8# 1-0


[Site "https://www.chess.com"]

[Event "Titled Tuesday Blitz February 28 Early 2023"]
[White "Sanchez, Robert"]
[Black "Ciuffoletti, Paolo"]
[WhiteFideId "2034360"]
[BlackFideId "807630"]
[WhiteElo "2428"]
[BlackElo "2143"]
[Result "1-0"]
[Round "09"]
[TimeControl "180+2"]
[Date "2023.02.28"]
[WhiteClock "0:01:48"]
[BlackClock "0:00:40"]

1. e4 c5 2. Nf3 Nc6 3. d4 cxd4 4. Nxd4 Nf6 5. Nc3 e5 6. Ndb5 d6 7. Bg5 a6 8. Bxf6 gxf6 9. Na3 b5 10. Nd5 f5 11. Bd3 Be6 12. c4 bxc4 13. Nxc4 Bg7 14. Qa4 fxe4 15. Qxc6+ Bd7 16. Nc7+ Ke7 17. Qxd6# 1-0


[Site "https://www.chess.com"]

[Event "Titled Tuesday Blitz February 28 Early 2023"]
[White "Rose, Felix"]
[Black "Buchenau, Frank"]
[WhiteFideId "5105722"]
[BlackFideId "4604350"]
[WhiteElo "2039"]
[BlackElo "2157"]
[Result "1/2-1/2"]
[Round "09"]
[TimeControl "180+2"]
[Date "2023.02.28"]
[WhiteClock "0:00:17"]
[BlackClock "0:00:12"]

1. e4 e6 2. d4 d5 3. Nc3 Nf6 4. e5 Nfd7 5. f4 c5 6. Nf3 Nc6 7. Be3 a6 8. Qd2 b5 9. dxc5 Bxc5 10. Bd3 Qb6 11. Bf2 Bxf2+ 12. Qxf2 Nc5 13. O-O b4 14. Ne2 a5 15. f5 exf5 16. Ned4 Ne4 17. Qe3 f4 18. Qxf4 Nxd4 19. Kh1 Nxf3 20. Rxf3 O-O 21. Raf1 Ba6 22. Rh3 Qg6 23. Rff3 Bxd3 24. cxd3 Ng5 25. Rhg3 h6 26. h4 Ne6 27. Qd2 Qh5 28. Kg1 Kh8 29. Qf2 Qxe5 30. Rf5 Qd4 31. Re3 Rac8 32. Kh2 Qc5 33. Rf6 Qd6+ 34. Rg3 gxf6 35. Qxf6+ Kh7 36. Qf5+ Kh8 37. Qf6+ Kh7 38. Qf5+ Kh8 39. Qf6+ 1/2-1/2


[Site "https://www.chess.com"]

[Event "Titled Tuesday Blitz February 28 Early 2023"]
[White "Mohammed, Zozek Salah Mohammed"]
[Black "Hertlein, Irena"]
[WhiteFideId "4803361"]
[BlackFideId "21817618"]
[WhiteElo "2211"]
[BlackElo "1776"]
[Result "1-0"]
[Round "09"]
[TimeControl "180+2"]
[Date "2023.02.28"]
[WhiteClock "0:01:06"]
[BlackClock "0:00:06"]

1. d4 Nf6 2. Nf3 d5 3. g3 c5 4. Bg2 cxd4 5. O-O Nc6 6. Nxd4 e5 7. Nxc6 bxc6 8. c4 Be6 9. Nc3 h6 10. cxd5 cxd5 11. Qa4+ Bd7 12. Qa6 d4 13. Bxa8 Qxa8 14. Nb5 Nd5 15. a4 Bc5 16. Nd6+ Ke7 17. Ne4 Nb4 18. Qc4 Rc8 19. Nxc5 Bh3 20. f3 Nd5 21. Rd1 Qc6 22. b4 Nc3 23. Bb2 Nxd1 24. Rxd1 e4 25. Qxd4 exf3 26. Qe3+ Kf8 27. exf3 Qg6 28. Qd3 Qg5 29. Re1 Rd8 30. Qe3 Qg6 31. Qe7+ 1-0


[Site "https://www.chess.com"]

[Event "Titled Tuesday Blitz February 28 Early 2023"]
[White "Devaev, Alexander"]
[Black "Kuchava, Ana"]
[WhiteFideId "4169395"]
[BlackFideId "13605348"]
[WhiteElo "2225"]
[BlackElo "2001"]
[Result "1-0"]
[Round "09"]
[TimeControl "180+2"]
[Date "2023.02.28"]
[WhiteClock "0:00:07"]
[BlackClock "0:00:01"]

1. Nf3 d5 2. c4 e6 3. d4 Nf6 4. Nc3 Be7 5. Bg5 O-O 6. e3 h6 7. Bxf6 Bxf6 8. cxd5 exd5 9. Qc2 c6 10. Bd3 Bg4 11. h3 Bxf3 12. gxf3 Nd7 13. O-O-O Qa5 14. Kb1 Rac8 15. Bf5 Rfd8 16. Rhg1 b5 17. Bxd7 Rxd7 18. Qf5 Qd8 19. Ne2 Rd6 20. Nf4 Qd7 21. Qxd7 Rxd7 22. Rc1 Kf8 23. Rc2 Ke7 24. Rgc1 Rd6 25. Rc5 Kd7 26. Kc2 g5 27. Nd3 Re6 28. Kd2 a5 29. R5c2 Kd6 30. f4 gxf4 31. Nxf4 Re4 32. f3 Ree8 33. Nd3 Rg8 34. Re1 Rg2+ 35. Re2 Rxe2+ 36. Kxe2 Rg8 37. Kf1 Rg3 38. Rf2 Rxh3 39. Kg2 Rh5 40. f4 Rh4 41. Kg3 h5 42. Kf3 Rg4 43. Rh2 Rh4 44. Rg2 1-0


[Site "https://www.chess.com"]

[Event "Titled Tuesday Blitz February 28 Early 2023"]
[White "Kiseleva, Arina"]
[Black "Pein, Jonathan"]
[WhiteFideId "4164989"]
[BlackFideId "417092"]
[WhiteElo "1756"]
[BlackElo "2151"]
[Result "0-1"]
[Round "09"]
[TimeControl "180+2"]
[Date "2023.02.28"]
[WhiteClock "0:00:20"]
[BlackClock "0:01:41"]

1. d4 b5 2. c3 Bb7 3. Qc2 e6 4. e4 a6 5. f3 c5 6. Be3 Qc7 7. Bd3 Nf6 8. Nd2 d6 9. Nh3 Nbd7 10. O-O Rc8 11. Rac1 Be7 12. f4 cxd4 13. Bxd4 Nc5 14. e5 Ng4 15. Rce1 h5 16. Nf3 Nxd3 17. Qxd3 Bd5 18. exd6 Bxd6 19. Bxg7 Rg8 20. Bf6 Nxf6 21. f5 Bxh2+ 22. Nxh2 Rxg2+ 23. Kh1 Qxh2# 0-1


[Site "https://www.chess.com"]

[Event "Titled Tuesday Blitz February 28 Early 2023"]
[White "Hajiyev, Kanan"]
[Black "Bongo Akanga Ndjila, Barthelemy"]
[WhiteFideId "13404148"]
[BlackFideId "10609431"]
[WhiteElo "2103"]
[BlackElo "1768"]
[Result "1-0"]
[Round "09"]
[TimeControl "180+2"]
[Date "2023.02.28"]
[WhiteClock "0:00:53"]
[BlackClock "0:01:05"]

1. d4 d5 2. Nf3 e6 3. c4 a6 4. cxd5 exd5 5. Nc3 Nf6 6. Bg5 Be6 7. Ne5 c6 8. e3 Bd6 9. Bd3 Nbd7 10. f4 h6 11. Bh4 Qc7 12. O-O Nb6 13. Rc1 Bc8 14. Qc2 Be7 15. a4 O-O 16. a5 Nbd7 17. Bf5 Nb8 18. Bxf6 Bxf6 19. Nxd5 Qd8 20. Bxc8 Qxd5 21. Bxb7 Ra7 22. Bxc6 Nxc6 23. Qxc6 Qxa5 24. Nd7 Re8 25. Nxf6+ gxf6 26. Qxf6 Rxe3 27. Rc8+ 1-0


[Site "https://www.chess.com"]

[Event "Titled Tuesday Blitz February 28 Early 2023"]
[White "Pissama Ntsaou, Martial"]
[Black "Toktomushev, Teimur"]
[WhiteFideId "17400864"]
[BlackFideId "14176726"]
[WhiteElo "2064"]
[BlackElo "2106"]
[Result "0-1"]
[Round "09"]
[TimeControl "180+2"]
[Date "2023.02.28"]
[WhiteClock "0:00:01"]
[BlackClock "0:00:11"]

1. e4 c5 2. Nf3 e6 3. g3 Nc6 4. Bg2 Nf6 5. Nc3 d5 6. exd5 exd5 7. d4 cxd4 8. Nxd4 Bg4 9. f3 Bd7 10. Be3 Be7 11. O-O O-O 12. Bf2 Qc7 13. Nce2 Bc5 14. c3 Rfe8 15. a4 a6 16. Qd3 Ne5 17. Qc2 Nc4 18. Qc1 Re7 19. b3 Nd6 20. Nf4 Rae8 21. Qd2 Nf5 22. Nxf5 Bxf5 23. Bxc5 Qxc5+ 24. Kh1 g6 25. Rfe1 h5 26. Rxe7 Rxe7 27. Re1 h4 28. Rxe7 Qxe7 29. Qe2 Qc7 30. g4 Qxf4 31. gxf5 Qxf5 32. Qf2 Qf4 33. h3 Nh5 34. Qe2 Ng3+ 0-1


[Site "https://www.chess.com"]

[Event "Titled Tuesday Blitz February 28 Early 2023"]
[White "Berezin, Viktor"]
[Black "Gatterer, Florian"]
[WhiteFideId "14107872"]
[BlackFideId "811688"]
[WhiteElo "2310"]
[BlackElo "2221"]
[Result "1-0"]
[Round "09"]
[TimeControl "180+2"]
[Date "2023.02.28"]
[WhiteClock "0:01:09"]
[BlackClock "0:00:13"]

1. d4 d6 2. Nf3 Nf6 3. g3 g6 4. Bg2 Bg7 5. O-O O-O 6. a4 a5 7. Nc3 Nc6 8. e4 Bg4 9. Be3 e5 10. d5 Ne7 11. h3 Bxf3 12. Bxf3 Ne8 13. Bg2 f5 14. f4 exf4 15. gxf4 fxe4 16. Nxe4 Nf5 17. Bf2 h6 18. c3 Nf6 19. Re1 Nxe4 20. Rxe4 Re8 21. Qg4 Rxe4 22. Bxe4 Qf6 23. Re1 h5 24. Qg5 Qxg5+ 25. fxg5 Rf8 26. Kg2 Be5 27. h4 Kg7 28. Rc1 b6 29. Re1 Rf7 30. Bd3 Rf8 31. Bb5 Ne7 32. Bd4 Rf5 33. Bd7 Rf4 34. Rxe5 Rxd4 35. Rxe7+ Kf8 36. Re8+ Kf7 37. cxd4 1-0


[Site "https://www.chess.com"]